XFBL
SAN DIEGO PADRES @ CHICAGO CUBS
06/02/1982
 
TOP OF THE 1ST
San Diego Padres batting - Pitching for Chicago Cubs : RHP Shikato Ueda
Pitching: RHP Shikato Ueda
Batting: RHB Bob Dernier 0-0: Ball
1-0: Ball
2-0: Ground out 5-3 (Groundball, 56S, EV 78.8 MPH)
Batting: LHB Jerry McDonald 0-0: Called Strike
0-1: Ground out 5-3 (Groundball, 56, EV 85.0 MPH)
Batting: LHB Tom Dunbar 0-0: Ball
1-0: SINGLE (Line Drive, 9LS, EV 98.8 MPH)
Batting: RHB Dennis Dungy 0-0: Foul Ball, location: 2F
Pickoff Throw to First - Error! E1
Tom Dunbar to second
0-1: Called Strike
0-2: Hit by Pitch
Batting: RHB Dave Edler 0-0: Swinging Strike
0-1: Foul Ball, location: 2F
0-2: Strikes out swinging
Top of the 1st over - 0 runs, 1 hit, 1 error, 2 left on base; San Diego 0 - Chicago 0
BOTTOM OF THE 1ST
Chicago Cubs batting - Pitching for San Diego Padres : RHP Skip Lockwood
Pitching: RHP Skip Lockwood
Batting: RHB Gary Ward 0-0: Called Strike
0-1: SINGLE (Groundball, 4MD, EV 103.1 MPH)
Batting: RHB Bill Madlock 0-0: Foul Ball, location: 2F
0-1: Reached on error, E4 (Groundball, 4, EV 102.5 MPH)
Gary Ward to second
Batting: RHB Lonnie Smith 0-0: Ball
1-0: Foul Ball, location: 2F
1-1: Ball
2-1: Foul Ball, location: 2F
2-2: 3-RUN HOME RUN (Flyball, 78XD, EV 105.0 MPH), Distance : 407 ft
Batting: RHB Jim Rice 0-0: Ball
1-0: Ball
2-0: Called Strike
2-1: Fly out, F7 (Flyball, 7, EV 76.3 MPH)
Batting: LHB Dave Bergman 0-0: Ball
1-0: Ball
2-0: Called Strike
2-1: Fly out, F7 (Line Drive, 7, EV 102.5 MPH)
Batting: RHB Randy Ready 0-0: Foul Ball, location: 2F
0-1: Ball
1-1: Foul Ball, location: 2F
1-2: Ball
2-2: Ball
3-2: Foul Ball, location: 2F
3-2: Fly out, F8 (Line Drive, 8RXD, EV 105.0 MPH)
Bottom of the 1st over - 3 runs, 2 hits, 1 error, 0 left on base; San Diego 0 - Chicago 3
TOP OF THE 2ND
San Diego Padres batting - Pitching for Chicago Cubs : RHP Shikato Ueda
Batting: RHB Nicky Richards 0-0: Called Strike
0-1: Swinging Strike
0-2: Ball
1-2: Strikes out swinging
Batting: RHB Mike Calise 0-0: Ball
1-0: Ball
2-0: Ball
3-0: Called Strike
3-1: Called Strike
3-2: DOUBLE (Groundball, 5L, EV 102.5 MPH)
Batting: LHB Jeffrey Zitek 0-0: Called Strike
0-1: Called Strike
0-2: Ball
1-2: Ball
2-2: Foul Ball, location: 2F
2-2: Strikes out looking
Batting: RHB Skip Lockwood 0-0: Ground out 4-3 (Groundball, 4, EV 85.0 MPH)
Top of the 2nd over - 0 runs, 1 hit, 0 errors, 1 left on base; San Diego 0 - Chicago 3
BOTTOM OF THE 2ND
Chicago Cubs batting - Pitching for San Diego Padres : RHP Skip Lockwood
Batting: RHB Bob Brenly 0-0: Called Strike
0-1: Ground out 4-3 (Groundball, 4, EV 84.4 MPH)
Batting: RHB Fran Mullins 0-0: Ball
1-0: Foul Ball, location: 2F
1-1: Swinging Strike
1-2: Ball
2-2: Foul Ball, location: 2F
2-2: Ground out 6-3 (Groundball, 6, EV 78.1 MPH)
Batting: RHB Shikato Ueda 0-0: Ball
1-0: SINGLE (Line Drive, 8RS, EV 90.6 MPH)
Batting: RHB Gary Ward 0-0: Ball
1-0: Fly out, F8 (Flyball, 8LM, EV 86.3 MPH)
Bottom of the 2nd over - 0 runs, 1 hit, 0 errors, 1 left on base; San Diego 0 - Chicago 3
TOP OF THE 3RD
San Diego Padres batting - Pitching for Chicago Cubs : RHP Shikato Ueda
Batting: RHB Bob Dernier 0-0: Ball
1-0: Called Strike
1-1: Foul Ball, location: 2F
1-2: Ball
2-2: Ball
3-2: Foul Ball, location: 2F
3-2: Base on Balls
Batting: LHB Jerry McDonald 0-0: Ball
1-0: Ball
2-0: Called Strike
2-1: Fly out, F9 (Line Drive, 9, EV 90.6 MPH)
Batting: LHB Tom Dunbar 0-0: Ball
1-0: Called Strike
1-1: Fielders Choice at 2nd, 4-6 (Groundball, 4, EV 105.0 MPH)
Batting: RHB Dennis Dungy 0-0: Ball
1-0: Fielders Choice at 2nd, U4 (Groundball, 4M, EV 95.6 MPH)
Top of the 3rd over - 0 runs, 0 hits, 0 errors, 1 left on base; San Diego 0 - Chicago 3
BOTTOM OF THE 3RD
Chicago Cubs batting - Pitching for San Diego Padres : RHP Skip Lockwood
Batting: RHB Bill Madlock 0-0: Called Strike
0-1: Ground out 4-3 (Groundball, 34, EV 80.0 MPH)
Batting: RHB Lonnie Smith 0-0: Foul Ball, location: 2F
0-1: Ball
1-1: Ball
2-1: DOUBLE (Line Drive, 78XD, EV 111.9 MPH) - OUT at third base trying to stretch hit.
Batting: RHB Jim Rice 0-0: Ball
1-0: Ball
2-0: Foul Ball, location: 2F
2-1: Ball
3-1: Called Strike
3-2: SINGLE (Line Drive, 56D, EV 98.1 MPH)
Batting: LHB Dave Bergman 0-0: Called Strike
0-1: Ball
1-1: Called Strike
1-2: SINGLE (Groundball, 4MD, EV 97.5 MPH)
Jim Rice to second
Runner from 2nd tries for 3rd, SAFE, throw by CF made to third
Batting: RHB Randy Ready 0-0: Fly out, F8 (Line Drive, 8RM, EV 92.5 MPH)
Bottom of the 3rd over - 0 runs, 3 hits, 0 errors, 2 left on base; San Diego 0 - Chicago 3
TOP OF THE 4TH
San Diego Padres batting - Pitching for Chicago Cubs : RHP Shikato Ueda
Batting: RHB Dave Edler 0-0: Called Strike
0-1: Ball
1-1: Foul Ball, location: 2F
1-2: Foul Ball, location: 2F
1-2: Foul Ball, location: 2F
1-2: Fly out, F7 (Line Drive, 7D, EV 90.0 MPH)
Batting: RHB Nicky Richards 0-0: Ball
1-0: Foul Ball, location: 2F
1-1: Ball
2-1: Foul Ball, location: 2F
2-2: Ball
3-2: DOUBLE (Line Drive, 89XD, EV 98.1 MPH)
Batting: RHB Mike Calise 0-0: Ball
1-0: Ball
2-0: Ball
3-0: Base on Balls
Batting: LHB Jeffrey Zitek 0-0: Ball
1-0: Called Strike
1-1: Foul Ball, location: 2F
1-2: Foul Ball, location: 2F
1-2: SINGLE (Groundball, 6M, EV 81.9 MPH) (infield hit)
Nicky Richards to third
Mike Calise to second
Batting: RHB Skip Lockwood 0-0: Ball
1-0: Called Strike
1-1: Ball
2-1: Swinging Strike
2-2: Ball
3-2: Base on Balls
Nicky Richards scores
Mike Calise to third
Jeffrey Zitek to second
Batting: RHB Bob Dernier 0-0: Called Strike
0-1: Called Strike
0-2: Strikes out looking
Batting: LHB Jerry McDonald 0-0: Swinging Strike
0-1: Ball
1-1: Ball
2-1: Ball
3-1: Base on Balls
Mike Calise scores
Jeffrey Zitek to third
Skip Lockwood to second
Batting: LHB Tom Dunbar 0-0: Ball
1-0: Ball
2-0: Called Strike
2-1: Ball
3-1: SINGLE (Line Drive, 8RS, EV 106.3 MPH)
Jeffrey Zitek scores
Skip Lockwood to third
Jerry McDonald to second
Runner from 3rd tries for Home, throw by CF and OUT! 8-2
Top of the 4th over - 3 runs, 3 hits, 0 errors, 2 left on base; San Diego 3 - Chicago 3
BOTTOM OF THE 4TH
Chicago Cubs batting - Pitching for San Diego Padres : RHP Skip Lockwood
Batting: RHB Bob Brenly 0-0: Ball
1-0: Ball
2-0: Called Strike
2-1: Ball
3-1: Ground out 4-3 (Groundball, 4, EV 91.3 MPH)
Batting: RHB Fran Mullins 0-0: Ball
1-0: Ball
2-0: Called Strike
2-1: Swinging Strike
2-2: Strikes out swinging
Batting: RHB Shikato Ueda 0-0: Called Strike
0-1: Swinging Strike
0-2: Foul Ball, location: 2F
0-2: Foul Ball, location: 2F
0-2: Ball
1-2: Strikes out looking
Bottom of the 4th over - 0 runs, 0 hits, 0 errors, 0 left on base; San Diego 3 - Chicago 3
TOP OF THE 5TH
San Diego Padres batting - Pitching for Chicago Cubs : RHP Shikato Ueda
Batting: RHB Dennis Dungy 0-0: Called Strike
0-1: Foul Ball, location: 2F
0-2: Foul Ball, location: 2F
0-2: Ball
1-2: Ball
2-2: Reached on error, E4 (Groundball, 4, EV 82.5 MPH)
Batting: RHB Dave Edler 0-0: Ball
1-0: Swinging Strike
1-1: Called Strike
1-2: Ball
2-2: Fly out, F7 (Flyball, 7LM, EV 108.1 MPH)
Batting: RHB Nicky Richards 0-0: Ball
Dennis Dungy is caught stealing 2nd base 2-4
1-0: Called Strike
1-1: Swinging Strike
1-2: Ball
2-2: Strikes out swinging
Top of the 5th over - 0 runs, 0 hits, 1 error, 0 left on base; San Diego 3 - Chicago 3
BOTTOM OF THE 5TH
Chicago Cubs batting - Pitching for San Diego Padres : RHP Skip Lockwood
Batting: RHB Gary Ward 0-0: Ball
1-0: Foul Ball, location: 2F
1-1: Foul Ball, location: 2F
1-2: SINGLE (Groundball, 6MD, EV 102.5 MPH)
Batting: RHB Bill Madlock 0-0: Called Strike
0-1: Grounds out, U3 (Groundball, 3L, EV 85.6 MPH)
Batting: RHB Lonnie Smith 0-0: Called Strike
0-1: Called Strike
0-2: Ball
1-2: Ball
2-2: Ball
3-2: Foul Ball, location: 2F
3-2: SINGLE (Line Drive, 8RS, EV 105.6 MPH)
Gary Ward to third
Runner from 3rd tries for Home, SAFE, throw by CF to home
Lonnie Smith to second
Batting: RHB Jim Rice 0-0: Called Strike
0-1: Ground out 4-3 (Groundball, 4, EV 102.5 MPH)
Lonnie Smith to third
Batting: LHB Dave Bergman 0-0: Called Strike
0-1: Ground out 4-3 (Groundball, 4, EV 105.0 MPH)
Bottom of the 5th over - 1 run, 2 hits, 0 errors, 1 left on base; San Diego 3 - Chicago 4
TOP OF THE 6TH
San Diego Padres batting - Pitching for Chicago Cubs : RHP Shikato Ueda
Batting: RHB Mike Calise 0-0: Ground out 6-3 (Groundball, 6, EV 90.6 MPH)
Batting: LHB Jeffrey Zitek 0-0: Foul Ball, location: 2F
0-1: Ground out 4-3 (Groundball, 4, EV 80.6 MPH)
Batting: RHB Skip Lockwood 0-0: Ball
1-0: Ball
2-0: Swinging Strike
2-1: Foul Ball, location: 2F
2-2: Ball
3-2: Strikes out looking
Top of the 6th over - 0 runs, 0 hits, 0 errors, 0 left on base; San Diego 3 - Chicago 4
BOTTOM OF THE 6TH
Chicago Cubs batting - Pitching for San Diego Padres : RHP Skip Lockwood
Batting: RHB Randy Ready 0-0: Swinging Strike
0-1: SINGLE (Flyball, 3D, EV 91.9 MPH)
Batting: RHB Bob Brenly 0-0: Ball
1-0: Called Strike
1-1: Ball
2-1: Ball
3-1: Base on Balls
Randy Ready to second
Pinch Runner at 2nd Gerald Perry:
Batting: RHB Fran Mullins 0-0: Ball
Gerald Perry steals 3rd, throwing error, E2
Gerald Perry scores
Bob Brenly to third
1-0: DOUBLE (Line Drive, 9LS, EV 104.4 MPH)
Bob Brenly scores
Batting: RHB Shikato Ueda 0-0: Ball
1-0: Bunted foul
1-1: Bunt missed!
1-2: Bunt missed, Strikeout!
Batting: RHB Gary Ward 0-0: Called Strike
0-1: Foul Ball, location: 2F
0-2: Ball
1-2: Foul Ball, location: 2F
1-2: Ball
2-2: Ground out 5-3 (Groundball, 56S, EV 93.8 MPH)
Batting: RHB Bill Madlock 0-0: Called Strike
0-1: Ball
1-1: Ground out 1-3 (Groundball, 13S, EV 75.6 MPH)
Bottom of the 6th over - 2 runs, 2 hits, 1 error, 1 left on base; San Diego 3 - Chicago 6
TOP OF THE 7TH
San Diego Padres batting - Pitching for Chicago Cubs : RHP Shikato Ueda
Now at SS: Roy Smalley
Batting: RHB Bob Dernier 0-0: Called Strike
0-1: Ball
1-1: Foul Ball, location: 2F
1-2: Strikes out swinging
Batting: LHB Jerry McDonald 0-0: Ground out 6-3 (Groundball, 6, EV 104.4 MPH)
Batting: LHB Tom Dunbar 0-0: Called Strike
0-1: Ball
1-1: Swinging Strike
1-2: Ball
2-2: Foul Ball, location: 2F
2-2: Ball
3-2: Foul Ball, location: 2F
3-2: Fly out, F6 (Line Drive, 6, EV 66.9 MPH)
Top of the 7th over - 0 runs, 0 hits, 0 errors, 0 left on base; San Diego 3 - Chicago 6
BOTTOM OF THE 7TH
Chicago Cubs batting - Pitching for San Diego Padres : RHP Skip Lockwood
Pitching: LHP Jack W O'Connor
Batting: RHB Lonnie Smith 0-0: Called Strike
0-1: Ball
1-1: Ball
2-1: Called Strike
2-2: Ball
3-2: DOUBLE (Line Drive, 9LS, EV 115.0 MPH)
Batting: RHB Jim Rice 0-0: Intentional Walk
Batting: LHB Dave Bergman 0-0: Ball
Lonnie Smith steals 3rd base
Jim Rice to second
1-0: Foul Ball, location: 2F
1-1: Ground out 4-3 (Groundball, 4MS, EV 65.6 MPH)
Batting: SHB Roy Smalley 0-0: Ball
1-0: Foul Ball, location: 2F
1-1: 3-RUN HOME RUN (Flyball, 78XD, EV 92.5 MPH), Distance : 397 ft
Batting: RHB Bob Brenly 0-0: Foul Ball, location: 2F
0-1: Ground out 6-3 (Groundball, 6M, EV 98.1 MPH)
Batting: RHB Fran Mullins 0-0: Called Strike
0-1: Called Strike
0-2: Foul Ball, location: 2F
0-2: Ball
1-2: Ball
2-2: Foul Ball, location: 2F
2-2: Ball
3-2: Foul Ball, location: 2F
3-2: Foul Ball, location: 2F
3-2: Foul Ball, location: 2F
3-2: Strikes out swinging
Bottom of the 7th over - 3 runs, 2 hits, 0 errors, 0 left on base; San Diego 3 - Chicago 9
TOP OF THE 8TH
San Diego Padres batting - Pitching for Chicago Cubs : RHP Shikato Ueda
Batting: RHB Dennis Dungy 0-0: Ball
1-0: Ball
2-0: Ball
3-0: Called Strike
3-1: Foul Ball, location: 2F
3-2: Base on Balls
Batting: RHB Dave Edler 0-0: Ball
1-0: Foul Ball, location: 2F
1-1: Ball
2-1: Ball
3-1: Base on Balls
Dennis Dungy to second
Batting: RHB Nicky Richards 0-0: Called Strike
0-1: SINGLE (Flyball, 8LS, EV 86.9 MPH)
Dennis Dungy to third
Dave Edler to second
Runner from 3rd tries for Home, SAFE, throw by CF to home
Batting: RHB Mike Calise 0-0: DOUBLE (Line Drive, 7LS, EV 110.0 MPH)
Dave Edler scores
Nicky Richards to third
Runner from 3rd tries for Home, SAFE, no throw by LF
Pitching: RHP Robert Weismiller
Batting: LHB Jeffrey Zitek 0-0: Foul Ball, location: 2F
0-1: Ball
1-1: Ball
Wild Pitch!
Mike Calise to third
2-1: Swinging Strike
2-2: Strikes out swinging
Pinch Hitting: LHB Chris Chambliss 0-0: Called Strike
0-1: Ball
1-1: Ball
2-1: Ball
3-1: Ground out 3-1 (Groundball, 34S, EV 73.8 MPH)
Mike Calise scores
Batting: RHB Bob Dernier 0-0: Ground out 5-3 (Groundball, 5, EV 112.5 MPH)
Top of the 8th over - 4 runs, 2 hits, 0 errors, 0 left on base; San Diego 7 - Chicago 9
BOTTOM OF THE 8TH
Chicago Cubs batting - Pitching for San Diego Padres : LHP Jack W O'Connor
Pitching: LHP Bill Travers
Pinch Hitting: RHB Rick Cerone 0-0: Called Strike
0-1: Fly out, F7 (Flyball, 78S, EV 90.6 MPH)
Batting: RHB Gary Ward 0-0: Ball
1-0: Called Strike
1-1: Ball
2-1: Called Strike
2-2: Ground out 5-3 (Groundball, 56, EV 85.0 MPH)
Batting: RHB Bill Madlock 0-0: Called Strike
0-1: Ball
1-1: Ball
2-1: Ground out 6-3 (Groundball, 6S, EV 68.1 MPH)
Bottom of the 8th over - 0 runs, 0 hits, 0 errors, 0 left on base; San Diego 7 - Chicago 9
TOP OF THE 9TH
San Diego Padres batting - Pitching for Chicago Cubs : RHP Robert Weismiller
Pitching: RHP Tom Niedenfuer
Batting: LHB Jerry McDonald 0-0: Foul Ball, location: 2F
0-1: Ball
1-1: SINGLE (Flyball, 8RS, EV 88.8 MPH)
Batting: LHB Tom Dunbar 0-0: Foul Ball, location: 2F
0-1: Ball
1-1: Ball
2-1: Fielders Choice at 2nd, 3-6 (Groundball, 3, EV 105.6 MPH)
Batting: RHB Dennis Dungy 0-0: Ball
1-0: Called Strike
1-1: Ball
2-1: Fielders Choice at 2nd, 3-6 (Groundball, 34S, EV 85.6 MPH)
Batting: RHB Dave Edler 0-0: Called Strike
0-1: Ball
1-1: Called Strike
1-2: Ball
2-2: Strikes out swinging
Top of the 9th over - 0 runs, 1 hit, 0 errors, 1 left on base; San Diego 7 - Chicago 9
Wednesday, August 5th, 2020 - OOTP Baseball 21.5 Build 76